Map: Eternal Empire LE

Players

Maru - Winner!

  • Race: Terran Terran
  • Spawn Location: 1:00

Rogue

  • Race: Zerg Zerg
  • Spawn Location: 7:00

Event: IEM Katowice 2020

VOD

Have the link to the VOD?

Description

Time

  • Played on: March 1, 2020, 5:46 a.m.
  • Length: 11:54

All games in this series

Show
View Real Time Build Order
Export as new Build Order

Maru Terran - Winner!

Build Orders: Liberator Opening, Reaper Expand 

Get SALT Encoding   

  12  0:00  SCV  
  13  0:12  SCV  
  14  0:17  Supply Depot  
  14  0:25  SCV  
  15  0:38  SCV  
  15  0:39  Barracks  
  16  0:43  Refinery  
  16  0:50  SCV  
  17  1:02  SCV  
  18  1:14  SCV  
  19  1:26  Reaper  
  19  1:27  Orbital Command  
  20  1:41  Command Center  
  20  1:52  SCV  
  21  1:56  Supply Depot  
  21  1:58  Marine  
  22  2:04  SCV  
  23  2:09  Factory  
  23  2:17  SCV, Marine  
  23  2:22  Refinery  
  25  2:29  Bunker  
  26  2:30  SCV  
  26  2:36  Barracks Reactor  
  26  2:42  SCV  
  27  2:54  SCV, Orbital Command, Starport  
  28  3:06  SCV  
  28  3:18  SCV, Hellion x2  
  33  3:20  SCV  
  33  3:25  Supply Depot  
  35  3:30  SCV  
  35  3:31  Liberator  
  35  3:32  SCV  
  39  3:34  Reaper  
  39  3:40  Hellion  
  44  3:41  Hellion  
  44  3:42  SCV  
  44  3:45  SCV  
  46  3:54  SCV  
  47  3:57  SCV  
  47  4:00  Supply Depot  
  47  4:01  Hellion  
  52  4:03  Hellion  
  52  4:09  Barracks Tech Lab  
  52  4:12  Command Center  
  52  4:14  SCV  
  52  4:15  SCV  
  54  4:19  Starport Tech Lab  
  56  4:24  Hellion  
  56  4:26  SCV  
  56  4:27  SCV  
  56  4:28  Hellion  
  61  4:38  SCV  
  61  4:39  Stimpack  
  61  4:41  Supply Depot  
  61  4:43  SCV  
  62  4:59  Barracks x2  
  62  5:03  SCV x2, Marine  
  65  5:08  Siege Tank  
  65  5:09  Starport Reactor  
  63  5:15  SCV x2  
  63  5:17  Engineering Bay x2  
  56  5:22  Marine  
  56  5:26  Orbital Command  
  56  5:27  SCV x2  
  57  5:36  Barracks  
  57  5:39  SCV x2  
  57  5:40  Marine, Barracks  
  60  5:43  Terran Infantry Weapons Level 1, Terran Infantry Armor Level 1  
  60  5:44  Supply Depot, Refinery, Orbital Command  
  60  5:49  Siege Tank  
  63  5:51  SCV x2  
  63  5:53  Starport Reactor  
  63  5:54  Marine  
  63  5:55  Marine  
  63  5:56  Refinery, Marine  
  63  5:57  Marine  
  68  6:03  SCV x2  
  71  6:08  Supply Depot, Marine  
  72  6:12  SCV, Marine x2  
  72  6:13  Marine  
  72  6:14  Marine  
  72  6:15  SCV x2  
  79  6:18  Combat Shield  
  79  6:25  SCV  
  83  6:26  Barracks Reactor x2  
  83  6:28  SCV x2, Supply Depot  
  83  6:31  Medivac  
  83  6:32  Medivac  
  86  6:33  Marine x5  
  86  6:36  Supply Depot  
  86  6:37  SCV  
  92  6:40  SCV x2  
  94  6:49  SCV, Siege Tank  
  94  6:51  Marine x5  
  94  6:53  SCV x2  
  105  6:56  Supply Depot  
  105  6:58  Supply Depot  
  105  6:59  Supply Depot  
  105  7:05  Marine x2  
  105  7:06  Marine x2  
  105  7:08  Armory  
  109  7:09  Marine  
  109  7:11  Marine x3  
  109  7:12  Marine  
  109  7:14  Medivac  
  116  7:17  Supply Depot  
  116  7:18  Medivac  
  118  7:23  Marine x3  
  118  7:24  SCV x2, Marine  
  118  7:26  Marine  
  118  7:27  SCV  
  118  7:29  Marine x4  
  129  7:36  SCV  
  112  7:40  SCV x2  
  112  7:41  Marine x3  
  112  7:42  Marine  
  112  7:43  Supply Depot  
  118  7:44  Marine  
  118  7:45  Supply Depot  
  118  7:46  Command Center, Siege Tank  
  118  7:47  Marine  
  118  7:49  Refinery  
  118  7:50  Refinery, Marine  
  124  7:55  Marine  
  125  7:59  Marine x4  
  125  8:01  Marine  
  125  8:02  Marine  
  125  8:04  Marine  
  129  8:05  Terran Infantry Armor Level 2, Terran Infantry Weapons Level 2  
  129  8:08  Marine  
  130  8:13  Marine  
  130  8:14  Factory  
  130  8:16  Marine  
  130  8:17  Marine x3  
  130  8:19  Marine  
  136  8:20  Marine  
  136  8:22  Marine  
  136  8:26  Marine  
  139  8:27  Supply Depot  
  139  8:29  Terran Vehicle And Ship Armor Level 1  
  139  8:31  Barracks  
  139  8:32  Barracks  
  139  8:33  Barracks  
  139  8:34  Marine x2  
  139  8:35  Supply Depot, Marauder  
  143  8:43  Marine x2  
  143  8:45  Medivac x2  
  143  8:47  Missile Turret x3  
  149  8:59  Marine x2  
  149  9:00  Marine x2  
  149  9:01  Factory Reactor, Drilling Claws  
  153  9:05  SCV x2  
  155  9:14  Marine x3  
  155  9:15  Medivac x2, Marauder, Marine  
  155  9:17  SCV x2  
  164  9:25  Supply Depot, Barracks Tech Lab x2  
  164  9:26  Supply Depot, Barracks Tech Lab  
  164  9:40  Widow Mine, Thor  
  164  9:41  Widow Mine  
  164  9:44  Marine x2  
  164  9:45  Marauder x2  
  174  9:47  Marine  
  174  9:49  Marine x2  
  174  9:50  Marauder x2  
  166  9:54  Missile Turret  
  166  9:55  Planetary Fortress  
  166  10:06  Marauder, Marine  
  169  10:10  Marauder, Marine x3  
  169  10:11  Marauder x2  
  169  10:13  Missile Turret  
  169  10:14  Missile Turret  
  178  10:20  Concussive Shells  
  182  10:21  Widow Mine x2  
  182  10:22  Marine  
  182  10:28  Marauder  
  185  10:32  Marauder  
  185  10:35  Marauder, Marine x2  
  192  10:36  Marauder  
  193  10:45  Command Center  
  190  10:54  Marine  
  190  10:55  Marauder  
  177  10:59  Marauder x2, Marine x2  
  177  11:02  Marauder, Marine  
  184  11:06  Marine x2  
  184  11:07  Marine  
  184  11:08  Marine  
  188  11:12  Marine  
  188  11:14  Widow Mine  
  188  11:16  Marauder, Widow Mine  
  188  11:17  Marine x2  
  197  11:21  Marauder  
  199  11:29  Marine  
Show
View Real Time Build Order
Export as new Build Order

Rogue Zerg 

Build Orders: Pool First, Muta Ling Bane 

Get SALT Encoding   

  12  0:00  Drone  
  13  0:13  Overlord  
  13  0:17  Drone  
  14  0:31  Drone x2  
  16  0:41  Spawning Pool  
  15  0:44  Drone  
  15  0:48  Drone  
  17  1:09  Hatchery  
  16  1:12  Drone  
  16  1:15  Drone  
  18  1:26  Extractor  
  18  1:28  Zergling x4  
  18  1:32  Queen  
  21  1:39  Overlord  
  21  1:50  Drone  
  22  2:02  Drone  
  22  2:07  Queen  
  25  2:12  Drone  
  26  2:20  Queen  
  26  2:22  Drone x2  
  30  2:28  Metabolic Boost  
  30  2:32  Overlord  
  30  2:35  Drone  
  31  2:40  Drone  
  31  2:41  Drone  
  31  2:42  Drone  
  34  2:44  Drone  
  34  2:49  Drone  
  36  2:56  Drone  
  37  3:07  Hatchery  
  37  3:09  Drone x2  
  37  3:12  Drone  
  39  3:16  Drone x2  
  39  3:19  Overlord  
  41  3:22  Drone  
  41  3:24  Drone  
  43  3:27  Drone  
  43  3:31  Overlord  
  44  3:43  Queen  
  44  3:46  Drone x2, Extractor  
  47  3:48  Queen  
  47  3:51  Zergling x6  
  47  3:52  Drone  
  47  3:53  Drone  
  54  3:56  Overlord  
  54  3:58  Drone  
  54  4:02  Drone  
  56  4:05  Evolution Chamber  
  56  4:07  Evolution Chamber, Drone  
  55  4:12  Drone  
  55  4:15  Drone x3  
  55  4:16  Spore Crawler  
  58  4:19  Queen  
  61  4:24  Drone x2  
  61  4:26  Drone  
  61  4:27  Drone  
  61  4:28  Drone  
  61  4:30  Drone  
  66  4:33  Drone  
  66  4:38  Drone x2  
  68  4:42  Spore Crawler  
  68  4:44  Zergling x2  
  68  4:48  Zergling x4, Spore Crawler  
  68  4:50  Overlord  
  69  4:57  Zergling x10  
  73  5:00  Overlord  
  73  5:05  Drone x2  
  72  5:11  Zerg Melee Weapons Level 1, Zerg Ground Armor Level 1  
  72  5:13  Drone x3  
  67  5:20  Drone x2  
  66  5:25  Drone  
  67  5:29  Drone  
  67  5:30  Drone  
  67  5:34  Drone x2, Extractor  
  70  5:36  Extractor  
  70  5:37  Drone x2, Extractor  
  70  5:40  Lair  
  70  5:44  Drone x2  
  70  5:45  Drone x2  
  70  5:47  Drone  
  70  5:49  Extractor  
  74  5:52  Drone  
  74  5:55  Drone x2  
  74  5:56  Drone x2  
  79  6:01  Drone x2  
  81  6:04  Drone x3  
  81  6:05  Baneling Nest  
  81  6:09  Zergling x8  
  87  6:18  Overlord  
  87  6:20  Hatchery  
  87  6:24  Zergling x8  
  90  6:26  Overlord x2  
  89  6:34  Overlord  
  89  6:37  Zergling x10  
  94  6:42  Zergling x6  
  94  6:43  Overlord  
  94  6:44  Overlord  
  97  6:48  Overseer  
  97  6:49  Spire  
  97  6:50  Centrifical Hooks  
  96  6:57  Zergling x10  
  101  7:02  Drone  
  101  7:03  Drone  
  101  7:06  Baneling x6  
  101  7:07  Baneling  
  102  7:09  Zergling x6  
  102  7:10  Zergling x2  
  106  7:15  Zergling x2  
  106  7:16  Zergling x2  
  106  7:20  Zergling x2  
  106  7:21  Zergling x12  
  115  7:26  Hatchery  
  104  7:37  Drone x8  
  111  7:46  Overlord  
  111  7:54  Overlord  
  107  8:03  Mutalisk x8  
  107  8:04  Mutalisk x5  
  116  8:06  Mutalisk  
  116  8:12  Zergling x2, Baneling x6  
  119  8:13  Zergling x2  
  119  8:16  Zergling x6  
  123  8:20  Overseer  
  123  8:24  Zergling x4, Hatchery  
  124  8:30  Zergling x6  
  124  8:31  Zergling x6  
  130  8:37  Zergling x2  
  130  8:38  Zergling x10  
  134  8:44  Zerg Ground Armor Level 2  
  134  8:45  Zerg Melee Weapons Level 2  
  132  8:49  Drone x3  
  132  8:51  Drone  
  136  8:58  Mutalisk x3  
  141  9:05  Zergling x14, Overseer  
  141  9:06  Zergling x2  
  141  9:09  Overlord  
  149  9:10  Overlord  
  149  9:19  Pneumatized Carapace  
  149  9:21  Zerg Flyer Weapons Level 1  
  149  9:27  Overlord  
  149  9:30  Overlord  
  149  9:32  Hatchery  
  149  9:33  Zergling x2  
  149  9:36  Zergling x22  
  160  9:40  Baneling x8  
  160  9:41  Baneling  
  152  9:51  Zergling x24  
  141  10:00  Mutalisk x2  
  141  10:01  Mutalisk  
  147  10:13  Mutalisk x3  
  149  10:15  Hatchery  
  149  10:21  Zergling x10  
  153  10:24  Zergling x2  
  154  10:32  Zergling x2  
  154  10:33  Zergling x4  
  157  10:40  Zergling x16  
  157  10:41  Baneling x2  
  165  10:45  Baneling x6  
  165  10:46  Baneling x2  
  161  10:51  Hatchery  
  161  10:55  Zergling x18  
  161  10:56  Zergling x2  
  159  10:58  Baneling x5  
  159  10:59  Baneling  
  159  11:01  Overseer  
  154  11:07  Zergling x2  
  154  11:08  Zergling x14  
  154  11:09  Zergling x2  
  154  11:10  Zergling x2  
  156  11:17  Mutalisk x3  
  161  11:21  Mutalisk x2  
  161  11:24  Mutalisk  
  167  11:26  Mutalisk  

Tags
 
Add a new tag
Caveats
  • Supply blocks, unpowered buildings, or Contaminate may cause inaccurate times.
  • Supply counts are checked every 10 seconds.